 Dungeon Crawl Stone Soup version 0.30.1-11-g7821555f0a (webtiles) character file.

Game seed: 6102230790172728300

15024 lonewolfV2 the Nimble (level 12, -3/99 HPs)
             Began as a Formicid Fighter on Nov 9, 2023.
             Was a High Priest of Jiyva.
             Constricted to death by Jorgrun (10 damage)
             ... on level 12 of the Dungeon.
             The game lasted 00:13:47 (8438 turns).

lonewolfV2 the Nimble (Formicid Fighter)            Turns: 8438, Time: 00:13:48

Health: -3/99      AC: 19    Str: 31    XL:     12   Next: 52%
Magic:  7/9        EV: 13    Int: 17    God:    Jiyva [*****.]
Gold:   492        SH:  5    Dex: 17    Spells: 11/11 levels left

rFire   . . .        t - +5 dire flail
rCold   . . .        c - +0 buckler
rNeg    . . .        v - +7 chain mail of Pemuph {MP-9 Str+8}
rPois   +            (helmet unavailable)
rElec   .            (no cloak)
rCorr   +            q - +0 pair of gloves
SInv    +            (no boots)
Will    +....        i - amulet of the acrobat Stlth
                     f - ring of poison resistance
HPRegen 1.80/turn    r - +6 ring of dexterity
MPRegen 0.56/turn

%: acrobat
@: grasped by roots, calling ooze, constricted
A: permanent stasis, dig shafts and tunnels, antennae 3, four strong arms,
clever 2, sense surroundings 3, eyeballs 2, translucent skin 1, evolution 2,
jelly sensing items
a: Dig, Shaft Self, Renounce Religion, Oozemancy, Slimify


You were on level 12 of the Dungeon.
You worshipped Jiyva.
Jiyva was extremely pleased with you.
You visited 1 branch of the dungeon, and saw 12 of its levels.

You collected 492 gold pieces.

Inventory:

Hand Weapons
 a - a +1 war axe
 o - a +4 flail
 t - a +5 dire flail (weapon)
Armour
 b - a +0 scale mail
 c - a +0 buckler (worn)
 q - a +0 pair of gloves (worn)
 v - the +7 chain mail of Pemuph (worn) {MP-9 Str+8}
   (You found it on level 9 of the Dungeon)

   Str:       It affects your strength (+8).
   MP:        It affects your magic capacity (-9).
Jewellery
 f - a ring of poison resistance (left hand)
 i - an amulet of the acrobat (around neck)
 r - a +6 ring of dexterity (right hand)
 s - an amulet of reflection
Wands
 k - a wand of flame (20)
Scrolls
 e - a scroll of fog
Potions
 d - 2 potions of lignification
 g - 2 potions of haste
 j - 3 potions of brilliance
 l - 5 potions of degeneration
 n - 2 potions of might
 p - 4 potions of curing
 u - a potion of berserk rage


   Skills:
 + Level 10.8 Fighting
 - Level 2.0 Axes
 * Level 9.7 Armour
 * Level 12.1 Dodging
 - Level 4.0 Shields
 - Level 8.6 Invocations


You had 11 spell levels left.
You didn't know any spells.
Your spell library contained the following spells:

 Spells                   Type           Power      Damage    Failure   Level
 Apportation              Tloc           0%         N/A       65%         1
 Necrotise                Necr           0%         1d4       65%         1
 Shock                    Conj/Air       0%         1d3       65%         1
 Summon Small Mammal      Summ           0%         N/A       65%         1
 Ensorcelled Hibernation  Hex/Ice        0%         N/A       78%         2
 Passwall                 Tmut/Erth      0%         N/A       78%         2
 Airstrike                Air            0%         2d(0-16)  100%        4
 Alistair's Intoxication  Tmut/Pois      0%         N/A       100%        5
 Summon Forest            Summ/Tloc      0%         N/A       100%        5
 Eringya's Noxious Bog    Tmut/Pois      0%         N/A       100%        6
 Summon Hydra             Summ           0%         N/A       100%        7
 Swiftness                Air            Unusable   N/A       N/A         3

Dungeon Overview and Level Annotations

Branches:
Dungeon (12/15)            Temple (0/1) D:5            Lair (0/5) D:11
    Orc (0/2) D:9

Altars:
Ashenzari
Nemelex Xobeh
Qazlal
Sif Muna
Trog
Xom
The Shining One
Jiyva

Shops:
D:3 =   D:5 [

Annotations:
D:12 Jorgrun


Innate Abilities, Weirdness & Mutations

You cannot be hasted, slowed, berserked, paralysed or teleported.
You can dig through walls and to a lower floor.
You have a pair of large antennae on your head. (SInv)
Your four strong arms can wield two-handed weapons with a shield.
Your mind is very acute. (Int +8, Str/Dex -2)
You passively map a large area around you.
Your body has grown many eyes which may confuse attackers. (Acc +5)
Your translucent skin slightly reduces your foes' accuracy. (Stealth+)
You have great hidden genetic potential.
You have a small jelly attached to you that senses nearby items.


Message History

You barely miss Jorgrun.
Jorgrun is lightly wounded.
Jorgrun completely misses you. The grasping roots constrict you.
The manticore misses you. The manticore barely misses you. x2
A cyclops comes into view.
You puncture Jorgrun!
Jorgrun is lightly wounded.
You block the manticore's attack. The manticore misses you.
The manticore claws you but does no damage.
You hear a distant slurping noise.
Jorgrun gestures at the rock wall while chanting.
The grasping roots constrict you.
The cyclops throws a large rock.
The large rock hits you!
* * * LOW HITPOINT WARNING * * *
You puncture Jorgrun!
Jorgrun is lightly wounded.
You block the manticore's attack.
The manticore claws you but does no damage.
The manticore barely misses you. Jorgrun closely misses you.
The grasping roots constrict you!
* * * LOW HITPOINT WARNING * * *
You block the manticore's attack. The manticore misses you.
The eyeballs on your body gaze at the manticore.
The manticore claws you but does no damage.
The cyclops throws a large rock.
The large rock barely misses you.
You feel much better. Jorgrun casts a spell at you.
You resist with significant effort. The grasping roots constrict you.
The manticore closely misses you. The manticore barely misses you.
The manticore claws you.
* * * LOW HITPOINT WARNING * * *
The manticore barely misses itself.
The manticore claws itself. x2
Activating: Oozemancy (1% risk of failure)
Press: ? - help, Dir - look around, f - activate Slime begins to ooze from the nearby walls!
The wall burns Jorgrun!
Jorgrun hits you with a +0 heavy quarterstaff!!
* * * LOW HITPOINT WARNING * * *
The grasping roots constrict you!
You die...

... * ,, * **##.###.##
* ,* , ....... , , ,,
*#..##.# # * ,, #
,###..#..##. *,, #..
,......... * *
#...###..#..## , , *,
, ....)..<..g..#.#...*
*, ..........@))...C..
,
**##.##.#.##H#.#.....,
* * #. *#.#.# ... ** *
, ,* #. *#.#.# *, .* *
,, , ,, ..∆ , #.#.# ,
* * ,..** ###.# * ** ,
* ** ., , ,*.#* * ,,<
, $. * *, * , * ,


You could see Jorgrun, a manticore (confused) and a cyclops.

Vanquished Creatures
  2 two-headed ogres (D:10)
  A sixfirhy (D:10)
  2 sun demons (D:10)
  2 cyclopes (D:11)
  A rust devil (D:10)
  An orange demon (D:10)
  An ice devil (D:10)
  5 trolls
  A red devil (D:10)
  A polar bear (D:11)
  2 shadows (D:11)
  A wraith (D:9)
  15 yaks
  A wyvern (D:9)
  A neqoxec (D:10)
  2 steam dragons
  An acid dragon (D:10)
  A water moccasin (D:9)
  An orc warrior (D:11)
  A sky beast (D:8)
  3 black bears
  An ice beast (D:11)
  An ogre (D:7)
  A wolf (D:11)
  7 centaurs
  A kobold brigand (D:8)
  2 bullfrogs
  2 scorpions
  3 gnoll sergeants
  20 wights
  5 killer bees (D:7)
  A quasit (D:10)
  7 orc priests
  5 hounds
  A gnoll bouda (D:7)
  2 iguanas
  6 orc wizards
  17 gnolls
  An adder (D:5)
  A shadow imp (D:6)
  3 dart slugs
  25 orcs
  5 ball pythons
  4 bats
  2 endoplasms (D:1)
  3 giant cockroaches (D:2)
  6 goblins
  8 hobgoblins
  5 jackals
  8 kobolds
  3 quokkas
  2 frilled lizards
  A rat (D:1)
205 creatures vanquished.

Vanquished Creatures (collateral kills)
  Erolcha (D:11)
  A manticore (D:9)
  A rime drake (D:11)
  2 yaks (D:11)
  2 ice beasts (D:11)
  A wolf (D:11)
  A killer bee (D:7)
9 creatures vanquished.

Vanquished Creatures (others)
  Sigmund (D:3)
  A slime creature (D:10)
  A yak (D:10)
  A black bear (D:4)
  A scorpion (D:6)
  3 howler monkeys
  25 jellies
  2 orc priests
  2 sleepcaps (D:6)
  7 orc wizards
  Robin (D:2)
  4 gnolls
  2 adders
  A shadow imp (D:6)
  A white imp (D:5)
  3 dart slugs
  9 orcs
  2 endoplasms
  11 goblins
  2 hobgoblins
  3 jackals (D:3)
  2 kobolds
  A ball python (D:2)
  2 bats (D:3)
88 creatures vanquished.

Grand Total: 302 creatures vanquished

Notes
Turn   | Place    | Note
-------+----------+-------------------------------------------
     0 | D:1      | lonewolfV2 the Formicid Fighter began the quest for the
                  | Orb.
     0 | D:1      | Reached XP level 1. HP: 18/18 MP: 1/1
   104 | D:1      | Reached XP level 2. HP: 24/24 MP: 2/2
   179 | D:1      | Reached skill level 1 in Dodging
   537 | D:1      | Reached XP level 3. HP: 11/29 MP: 3/3
   944 | D:2      | Found a faded altar of an unknown god.
   971 | D:2      | Prayed at the altar of an unknown god.
   971 | D:2      | Became a worshipper of Jiyva Jigoklos the Shapeless
   971 | D:2      | Reached * piety under Jiyva
  1198 | D:2      | Reached ** piety under Jiyva
  1350 | D:2      | Killed Robin
  1661 | D:3      | Reached skill level 1 in Invocations
  1768 | D:3      | Found a sparkling altar of Nemelex Xobeh.
  1783 | D:3      | Killed Sigmund
  1841 | D:3      | Reached XP level 4. HP: 37/37 MP: 4/4
  1842 | D:3      | Reached skill level 2 in Dodging
  1861 | D:3      | Reached *** piety under Jiyva
  1922 | D:3      | Gained mutation: Your translucent skin slightly reduces
                  | your foes' accuracy. (Stealth+) [Jiyva's grace]
  1922 | D:3      | Gained mutation: Your translucent skin reduces your foes'
                  | accuracy. (Stealth+) [Jiyva's grace]
  1922 | D:3      | Gained mutation: Your transparent skin significantly
                  | reduces your foes' accuracy. (Stealth+) [Jiyva's grace]
  1922 | D:3      | Gained mutation: Your body has grown eyes which may confuse
                  | attackers. (Acc +3) [Jiyva's grace]
  1933 | D:3      | Identified the +0 robe of a sewer {Harm rElec SInv}
  1945 | D:3      | Found Tuyz Caosei's Jewellery Shoppe.
  2348 | D:4      | Found a glowing golden altar of the Shining One.
  2348 | D:4      | You fall into a shaft and drop 2 floors!
  2372 | D:6      | Noticed a scorpion
  2381 | D:6      | Killed a scorpion
  2382 | D:6      | Reached XP level 5. HP: 42/42 MP: 6/6
  2410 | D:6      | Reached skill level 3 in Dodging
  2467 | D:6      | Noticed a centaur
  2467 | D:6      | Noticed a black bear
  2481 | D:6      | Killed a centaur
  2481 | D:6      | Killed a black bear
  2482 | D:6      | Reached XP level 6. HP: 24/49 MP: 4/8
  2506 | D:6      | Reached skill level 4 in Dodging
  2506 | D:6      | Reached XP level 7. HP: 41/55 MP: 9/9
  2518 | D:6      | Noticed a steam dragon
  2527 | D:6      | Killed a steam dragon
  2528 | D:6      | Reached skill level 5 in Fighting
  2669 | D:5      | Entered Level 5 of the Dungeon
  2713 | D:5      | Found a staircase to the Ecumenical Temple.
  2996 | D:4      | Reached **** piety under Jiyva
  3191 | D:4      | Reached skill level 5 in Dodging
  3206 | D:4      | Reached XP level 8. HP: 56/63 MP: 11/11
  3924 | D:5      | Found Bopp's Antique Armour Emporium.
  4290 | D:6      | Lost mutation: Your transparent skin significantly reduces
                  | your foes' accuracy. (Stealth+) [Jiyva's grace]
  4290 | D:6      | Lost mutation: Your translucent skin reduces your foes'
                  | accuracy. (Stealth+) [Jiyva's grace]
  4290 | D:6      | Gained mutation: Your translucent skin reduces your foes'
                  | accuracy. (Stealth+) [Jiyva's grace]
  4290 | D:6      | Gained mutation: Your transparent skin significantly
                  | reduces your foes' accuracy. (Stealth+) [Jiyva's grace]
  4290 | D:6      | Gained mutation: Your body has grown many eyes which may
                  | confuse attackers. (Acc +5) [Jiyva's grace]
  4290 | D:6      | Gained mutation: Your body is covered in eyes which may
                  | confuse attackers. (Acc +7, SInv) [Jiyva's grace]
  4372 | D:6      | Reached skill level 5 in Invocations
  4446 | D:6      | Reached ***** piety under Jiyva
  4695 | D:7      | Reached skill level 6 in Dodging
  4698 | D:7      | Found a shimmering altar of Xom.
  4700 | D:7      | Found a stormy altar of Qazlal.
  4861 | D:7      | Reached XP level 9. HP: 71/71 MP: 13/13
  4889 | D:7      | Reached skill level 7 in Dodging
  5078 | D:7      | Found a bloodstained altar of Trog.
  5472 | D:8      | Reached skill level 8 in Dodging
  5707 | D:8      | Reached XP level 10. HP: 74/80 MP: 15/15
  5918 | D:9      | Noticed a brown ugly thing
  5919 | D:9      | Noticed a manticore
  5921 | D:9      | Noticed a kobold demonologist
  5934 | D:9      | Noticed a manticore
  5942 | D:9      | Noticed a cyclops
  6019 | D:9      | Lost mutation: Your transparent skin significantly reduces
                  | your foes' accuracy. (Stealth+) [Jiyva's grace]
  6019 | D:9      | Lost mutation: Your translucent skin reduces your foes'
                  | accuracy. (Stealth+) [Jiyva's grace]
  6019 | D:9      | Gained mutation: You have a small jelly attached to you
                  | that senses nearby items. [Jiyva's grace]
  6019 | D:9      | Gained mutation: You passively map a small area around you.
                  | [Jiyva's grace]
  6019 | D:9      | Gained mutation: You passively map the area around you.
                  | [Jiyva's grace]
  6019 | D:9      | Gained mutation: You passively map a large area around you.
                  | [Jiyva's grace]
  6028 | D:9      | Found a broken altar of Ashenzari.
  6063 | D:9      | Reached skill level 9 in Dodging
  6127 | D:9      | Found a shimmering blue altar of Sif Muna.
  6163 | D:9      | Noticed a manticore
  6173 | D:9      | Killed a manticore
  6241 | D:9      | Found a staircase to the Orcish Mines.
  6456 | D:9      | Identified the +7 chain mail of Pemuph {MP-9 Str+8}
  6578 | D:10     | Entered Level 10 of the Dungeon
  6578 | D:10     | Noticed a rust devil
  6618 | D:9      | Reached skill level 10 in Dodging
  6732 | D:10     | Reached XP level 11. HP: 89/89 MP: 8/17
  6739 | D:10     | Reached skill level 5 in Armour
  6951 | D:10     | Noticed a sun demon
  6961 | D:10     | Killed a sun demon
  7070 | D:10     | Noticed a two-headed ogre
  7093 | D:10     | Killed a two-headed ogre
  7099 | D:10     | Noticed a sun demon
  7109 | D:10     | Killed a sun demon
  7115 | D:10     | Reached skill level 11 in Dodging
  7256 | D:10     | Noticed a sixfirhy
  7268 | D:10     | Killed a sixfirhy
  7390 | D:10     | Reached skill level 10 in Fighting
  7601 | D:10     | Noticed a two-headed ogre
  7609 | D:10     | Killed a two-headed ogre
  7610 | D:10     | Reached XP level 12. HP: 84/97 MP: 9/18
  7883 | D:11     | Noticed Erolcha
  7905 | D:11     | Killed Erolcha
  7985 | D:11     | Found a staircase to the Lair.
  8062 | D:11     | Reached skill level 12 in Dodging
  8118 | D:11     | Lost mutation: Your body is covered in eyes which may
                  | confuse attackers. (Acc +7, SInv) [Jiyva's grace]
  8118 | D:11     | Gained mutation: Your mind is acute. (Int +4, Str/Dex -1)
                  | [Jiyva's grace]
  8118 | D:11     | Gained mutation: Your mind is very acute. (Int +8, Str/Dex
                  | -2) [Jiyva's grace]
  8118 | D:11     | Gained mutation: You have hidden genetic potential.
                  | [Jiyva's grace]
  8118 | D:11     | Gained mutation: You have great hidden genetic potential.
                  | [Jiyva's grace]
  8422 | D:12     | Noticed Jorgrun
  8436 | D:12     | HP: 1/99 [constriction (16)]
  8438 | D:12     | Constricted to death by Jorgrun

Illustrated notes

Levels and vault maps discovered:
D:1:      evilmike_arrival_crescent, layout_basic, glass_columns_a
D:2:      layout_loops_cross, hellmonk_ecumenical_altar_pennies_from_heaven,
          roderic_lattice_a, minmay_misc_feat_iff, uniq_robin
D:3:      layout_basic, nemelex_dance_club_becter, serial_shops, shop,
          serial_park_tiny_1, uniq_sigmund
D:4:      layout_loops_ring, tso_altar
D:5:      cheibrodos_helix_gallery, layout_loops_ring,
          minmay_temple_entry_proselytizer, serial_shops, shop,
          small_statue_alley_b
D:6:      layout_loops_corners
D:7:      layout_rooms, mainiacjoe_overflow_alcove_1, jmf_multi_god_temple,
          minmay_misc_feat_square
D:8:      layout_cave_pools
D:9:      layout_rooms, nicolae_sif_muna_condensation,
          cheibrodos_ashenzari_chains, orc_0_dummy, minmay_variable_closet,
          serial_park_tiny_pond, onia_ninara_dug_in_and_dangerous
D:10:     layout_cave_pods, serial_demonic, serial_demonic_b, serial_demonic_a,
          serial_demonic_e, serial_demonic_g, serial_demonic_d,
          serial_demonic_b, minivault_24
D:11:     layout_cave_pools, hellmonk_lair_entry_icy, kb_lookout_dungeons_type,
          uniq_erolcha
D:12:     layout_loops_ring, uniq_kirke, uniq_fannar, uniq_jorgrun

Skill      XL: |  1  2  3  4  5  6  7  8  9 10 11 12 |
---------------+-------------------------------------+-----
Dodging        | 1 2 3 4 5 6 8 10 11 12 | 12.1
Invocations    | 1 2 3 4 5 7 8 |  8.6
Fighting       | 4 5 6 7 9 10 | 10.8
Armour         | 4 8 9 |  9.7
Axes           | |  2.0
Shields        | |  4.0

Action                     |  1- 3 |  4- 6 |  7- 9 | 10-12 || total
---------------------------+-------+-------+-------+-------++-------
  Melee: War axe           |    87 |    36 |    53 |       ||   176
         Flail             |       |       |   169 |    49 ||   218
         Dire flail        |       |       |       |   303 ||   303
 Invoke: Oozemancy         |       |     1 |     2 |     1 ||     4
         Slimify           |       |       |       |     2 ||     2
  Evoke: Wand              |       |       |       |     4 ||     4
    Use: Scroll            |     3 |     2 |     5 |     6 ||    16
         Potion            |       |     1 |       |     1 ||     2
   Stab: Confused          |       |       |     7 |    17 ||    24
 Armour: Scale mail        |    38 |    22 |    56 |    20 ||   136
         Chain mail        |       |       |       |   136 ||   136
  Dodge: Dodged            |    46 |    28 |   281 |   488 ||   843
  Block: Buckler           |    25 |    12 |    84 |   164 ||   285
